[Event "Championnat d'Europe Rapide"]
[Date "2024.12.07"]
[White "Rigopoulos-Tsigkos, Alexandros"]
[Black "Hamitevici, Vladimir"]
[WhiteElo "2068"]
[BlackElo "2423"]
[Round "6.44"]
[Result "0-1"]
[TimeControl "900+10"]

1. e4 c6 2.
d4 d5 3. e5 Bf5 4. h4 a6 5. g4 Bd7 6. h5 Qc8 7. Be2 c5 8. c3 Nc6 9. Be3 Nh6 10. f3 e6 11. f4 cxd4 12.
cxd4 f6 13. Nc3 Qc7 14. Rc1 Be7 15. Bf3 fxe5 16. fxe5 O-O 17. Qd2 Nxe5 18.
dxe5 Qxe5 19. Nce2 Nf7 20. Bf4 Qf6 21. Bg2 e5 22. Bg3 d4 23. Bh4 Qxh4+ 24. Rxh4 Bxh4+ 25. Kd1 Bg5 26. Qb4 Bxc1 27. Nxc1 Bxg4+ 28. Bf3 Nh6 29. Qxb7 Rae8 30. Qd5+ Kh8 31. Kc2 Nf5 32. Kb1 Ne3 33. Qb7 Rb8 34. Qe7 Bf5+ 35. Ka1 Rfc8 36. Nge2 Nc2+ 37. Kb1 Ne1+ 38. Ka1 Nxf3 39. h6 Rg8 40. hxg7+ Rxg7 41. Qf6 Be4 42. Ng3 Rc8 43. Nb3 Rc6 44. Qd8+ Rg8 45. Qxg8+ Kxg8 46. Nxe4 h5 0-1

[Site "Europe Echecs"]

[Event "Championnat d'Europe Rapide"]
[Date "2024.12.07"]
[White "Trapp, Maximilian"]
[Black "Mastrovasilis, Dimitrios"]
[WhiteElo "2050"]
[BlackElo "2537"]
[Round "6.45"]
[Result "1-0"]
[TimeControl "900+10"]

1. d4 d5 2.
Nf3 Nf6 3.
Bf4 c5 4. c3 Nc6 5. e3 Qb6 6. Qb3 c4 7. Qc2 Bf5 8. Qc1 e6 9. h3 Qd8 10. Be2 Bd6 11. O-O O-O 12. Nbd2 b5 13. a3 a5 14. Re1 Qc7 15. Bxd6 Qxd6 16. Nh4 Be4 17. Nxe4 Nxe4 18. Nf3 f5 19. Nd2 e5 20. Nf3 exd4 21.
Nxd4 Nxd4 22. exd4 f4 23. Bf3 Ng5 24. Qd1 Rae8 25. Re5 Rxe5 26. dxe5 Nxf3+ 27. Qxf3 Qxe5 28. Rd1 Rf5 29. Kf1 h6 30. Re1 Qf6 31. Rd1 Qe6 32. Re1 Re5 33. Rd1 Qf5 34. Kg1 Kh7 35. Kh2 Kg6 36. Rd4 Re4 37. Qd1 Rxd4 38. Qxd4 f3 39. g4 Qd3 40. Qe5 Qe2 41. Qf5# 1-0

[Site "Europe Echecs"]

[Event "Championnat d'Europe Rapide"]
[Date "2024.12.07"]
[White "Pantsulaia, Levan"]
[Black "Veleski, Robert"]
[WhiteElo "2522"]
[BlackElo "2093"]
[Round "6.46"]
[Result "1-0"]
[TimeControl "900+10"]

1. Nf3 Nf6 2. g3 g6 3.
b3 Bg7 4.
Bb2 O-O 5.
Bg2 d6 6. d4 d5 7. c4 c6 8. O-O a5 9. Nc3 Na6 10. e3 Bg4 11. h3 Be6 12. Qe2 h6 13. e4 Nxe4 14.
Nxe4 dxe4 15. Qxe4 Bf5 16. Qe2 Nb4 17. Rfd1 a4 18. Bc3 Na6 19. g4 Bc8 20. Ne5 Qc7 21. bxa4 Nb8 22. a5 Nd7 23. Rab1 Nxe5 24. dxe5 Rxa5 25. Bxa5 Qxa5 26. Re1 Qc5 27. Bf1 Rd8 28. Qe3 Qa5 29. a3 h5 30. gxh5 Bf5 31. Qb6 Qd2 32. Rb2 Qg5+ 33. Kh1 e6 34. hxg6 Bxg6 35. Qe3 Qh4 36. Rxb7 Rd4 37. Qg3 Qh5 38. a4 Bh6 39. a5 Bd2 40. a6 Bxe1 41. a7 Kh7 42. a8=Q Qf5 43. Rb8 1-0

[Site "Europe Echecs"]

[Event "Championnat d'Europe Rapide"]
[Date "2024.12.07"]
[White "Andonovski, Ljubisa"]
[Black "Gavrilescu, David"]
[WhiteElo "2253"]
[BlackElo "2549"]
[Round "6.47"]
[Result "0-1"]
[TimeControl "900+10"]

1. d4 d5 2.
c4 e6 3. Nf3 Nf6 4. Nc3 Nbd7 5. cxd5 exd5 6. Bf4 c6 7. e3 Nh5 8. Bg5 Be7 9. Bxe7 Qxe7 10. Be2 Nhf6 11. O-O O-O 12. Qc2 Re8 13. Rab1 a5 14. a3 b5 15. Bd3 Bb7 16. Rfc1 g6 17. a4 b4 18. Ne2 Rac8 19. Qd1 Ne4 20. Bxe4 dxe4 21. Nd2 c5 22. Nc4 Ba6 23. b3 cxd4 24.
Qxd4 Red8 25. Qa7 Bxc4 26. bxc4 Qc5 27. Qb7 Nb6 28. Qxe4 Nxa4 29. h4 Rd2 30. Qf3 Rxe2 31. Qxe2 Nc3 32.
Rxc3 bxc3 33. Kf1 Rd8 34. Qa2 Rd2 35. Qb3 Qf5 36. f3 Qd3+ 37. Kg1 Qxe3+ 38. Kh1 c2 0-1

[Site "Europe Echecs"]

[Event "Championnat d'Europe Rapide"]
[Date "2024.12.07"]
[White "Guliyev, Namig"]
[Black "Balinski, Damian"]
[WhiteElo "2484"]
[BlackElo "2203"]
[Round "6.48"]
[Result "1-0"]
[TimeControl "900+10"]

1. e4 d6 2. d4 Nf6 3. Nc3 g6 4. Nf3 Bg7 5. Be2 O-O 6. Be3 a6 7. a4 b6 8. O-O Bb7 9. Nd2 e5 10. d5 Ne8 11. Nc4 f5 12. exf5 gxf5 13. f4 Nd7 14. Qd2 e4 15. Kh1 Qh4 16. g3 Qh6 17. Bd4 Nef6 18. Ne3 Qg6 19. Rg1 h5 20. h3 Rae8 21. Rg2 Ne5 22. Rf1 Nf7 23. Qd1 Nh6 24. Bxf6 Qxf6 25. Bxh5 Re7 26. Qe1 Qd4 27. g4 fxg4 28.
hxg4 Bc8 29.
f5 Be5 30.
Bg6 Kg7 31.
g5 Rh8 32.
f6+ Kxg6 33.
gxh6+ Kxh6 34. Qh4# 1-0

[Site "Europe Echecs"]

[Event "Championnat d'Europe Rapide"]
[Date "2024.12.07"]
[White "Muter, Donny"]
[Black "Dragnev, Valentin"]
[WhiteElo "2206"]
[BlackElo "2563"]
[Round "6.49"]
[Result "1/2-1/2"]
[TimeControl "900+10"]

1. b3 Nf6 2.
Bb2 g6 3.
Nf3 Bg7 4.
e3 O-O 5.
Be2 c5 6. O-O b6 7. d4 Bb7 8. c4 e6 9. Nc3 d6 10. Qc2 a6 11. Rad1 Qe7 12. Rd2 Nbd7 13. Rfd1 cxd4 14. Rxd4 d5 15. cxd5 exd5 16. R4d2 Nc5 17. Qb1 Rfe8 18. Bf1 b5 19. Rc2 Nce4 20.
Nxe4 dxe4 21. Ne5 Rac8 22. Rcd2 Rc7 23. a4 bxa4 24. bxa4 Rec8 25. h3 h5 26. Qa2 Kh7 27. Bc4 Nd5 28. Bxd5 Bxe5 29. Bxe5 Qxe5 30. Bxf7 Rc1 31. Qe6 Qxe6 32. Bxe6 R8c7 33. Kh2 Kh6 34. Rxc1 Rxc1 35. Rd6 a5 36.
Bf7 Rc6 37.
Rxc6 Bxc6 38. Bb3 g5 39. Kg1 Kg6 40. Kf1 Kf6 41. Ke2 Ke5 42. Kd2 Kd6 43. Kc3 Kc5 44. Bd1 h4 45. Bc2 Bb7 46. Bd1 Bc6 47. Bc2 Bb7 1/2-1/2

[Site "Europe Echecs"]

[Event "Championnat d'Europe Rapide"]
[Date "2024.12.07"]
[White "Sivan, Yaacov"]
[Black "Schneider, Ilja"]
[WhiteElo "2273"]
[BlackElo "2414"]
[Round "6.50"]
[Result "0-1"]
[TimeControl "900+10"]

1. e4 e5 2.
Nf3 Nc6 3.
Bb5 a6 4. Bxc6 dxc6 5. O-O Bg4 6. h3 Bh5 7. d3 f6 8. Nbd2 Bd6 9. Re1 Ne7 10. Nf1 O-O 11. Ng3 Bf7 12. Nh4 Re8 13. Nhf5 Nxf5 14. Nxf5 Bf8 15. Qf3 c5 16. b3 Be6 17. Bb2 Qd7 18. Rad1 a5 19. a4 b5 20. axb5 Qxb5 21. Bc3 a4 22. bxa4 Qxa4 23. Ne3 Qa3 24. Ba1 Red8 25. Nd5 Bxd5 26. exd5 Qa4 27. c4 c6 28. dxc6 Rac8 29. Qg4 Rxc6 30. f4 exf4 31. Qxf4 Rcd6 32. Qf3 Qc2 33. Re3 Ra6 34. Qe2 Ra2 35. Qxc2 Rxc2 36.
Ree1 Bd6 37. Kf1 Bg3 38. Re3 Bf4 39. Re4 Bc1 40. Ree1 Bd2 41. Re2 Rxd3 42. Rb1 Rc1+ 43. Rxc1 Bxc1 44. Re8+ Kf7 45. Rc8 Ra3 46. Bxf6 gxf6 47. Rxc5 Ra2 48. Rc7+ Kg6 49. g4 Rh2 0-1

[Site "Europe Echecs"]

[Event "Championnat d'Europe Rapide"]
[Date "2024.12.07"]
[White "Alienkin, Aleksander"]
[Black "Sramek, Vojtech"]
[WhiteElo "2337"]
[BlackElo "2259"]
[Round "6.51"]
[Result "1-0"]
[TimeControl "900+10"]

1. d4 Nf6 2.
Nc3 d5 3.
Bg5 Bf5 4.
Bxf6 gxf6 5.
e3 c6 6. Bd3 Bg6 7. Nge2 e5 8. Ng3 Qd7 9. f4 Bxd3 10.
cxd3 exd4 11. exd4 Na6 12. O-O O-O-O 13. a3 Nc7 14. Qh5 Ne6 15. Nce2 h6 16. Nf5 Rg8 17. Neg3 Bd6 18. Nxd6+ Qxd6 19. Nf5 Qc7 20. Nxh6 Rg7 21. Nf5 Rg6 22. Qf3 Kb8 23. g3 Qb6 24. Qf2 Rh8 25. Kh1 Rh5 26. Nh4 Rgh6 27. Rae1 a6 28. Nf3 Nxd4 29. h4 c5 30. Nxd4 cxd4 31. Re8+ Ka7 32. b4 f5 33. Rc1 Re6 34. Rxe6 fxe6 35. Rc5 Rh7 36. Qxd4 Rc7 37. a4 Kb8 38. Qe5 Kc8 39.
Rxc7+ Qxc7 40. Qxe6+ Kb8 41. Qe5 1-0

[Site "Europe Echecs"]

[Event "Championnat d'Europe Rapide"]
[Date "2024.12.07"]
[White "Saraci, Nderim"]
[Black "Malicka, Maria"]
[WhiteElo "2431"]
[BlackElo "2206"]
[Round "6.52"]
[Result "1/2-1/2"]
[TimeControl "900+10"]

1. d4 Nf6 2.
Nf3 e6 3.
Bf4 b6 4. e3 Bb7 5. h3 c5 6. a4 a6 7. Be2 d5 8. c3 Bd6 9. Ne5 Nc6 10. Nd2 Qc7 11. Ndf3 Nd7 12. Nxd7 Qxd7 13. O-O O-O 14. Bd3 Qc7 15. Bxd6 Qxd6 16. Re1 e5 17. dxe5 Nxe5 18.
Nxe5 Qxe5 19. Be2 Rad8 20. Bf3 Qc7 21. a5 d4 22. Bxb7 Qxb7 23. cxd4 cxd4 24. exd4 bxa5 25. Qd2 Qb4 26. Red1 Qxd2 27. Rxd2 Rd5 28. Ra4 Rb8 29. Rc4 Kf8 30. Kf1 Rb4 31. Rc8+ Ke7 32. Re2+ Kd7 33. Rf8 Rf5 34. g4 Rf4 35. d5 Rbd4 36. Ra8 Rxd5 37. Rxa6 h5 38. Kg2 hxg4 39. Kg3 Rf3+ 40. Kxg4 Rdf5 41. h4 R5f4+ 42. Kg5 Rf5+ 43. Kg4 R5f4+ 44. Kg5 1/2-1/2

[Site "Europe Echecs"]

[Event "Championnat d'Europe Rapide"]
[Date "2024.12.07"]
[White "Radeva, Viktoria"]
[Black "Papasimakopoulos, Alexandros"]
[WhiteElo "2275"]
[BlackElo "2379"]
[Round "6.53"]
[Result "0-1"]
[TimeControl "900+10"]

1. e4 e6 2. d4 d5 3. e5 a6 4. Nf3 Bd7 5. Be2 Bb5 6. O-O Bxe2 7. Qxe2 c5 8. c3 Nc6 9. dxc5 Bxc5 10. Nbd2 Nge7 11. Nb3 Bb6 12. Be3 O-O 13. Bxb6 Qxb6 14. Nfd4 a5 15. a4 Nxd4 16. Nxd4 Nc6 17. Nb5 Rfd8 18. Rad1 Rac8 19. g3 Rd7 20. Kg2 Ne7 21. h4 Rc4 22. Rd4 Rxd4 23. cxd4 Nc6 24. Rc1 Rd8 25. Qd2 h6 26. Qc3 h5 27. Qf3 g6 28. g4 hxg4 29. Qxg4 Kf8 30. Qg5 Rd7 31. h5 gxh5 32. Qh6+ Ke8 33. Qh8+ Ke7 34. Qf6+ Ke8 35. Qh8+ Ke7 36. Kh1 Qd8 37. Qf6+ Ke8 38. Qh8+ Ke7 39. Qxh5 Qf8 40. Nd6 Rxd6 41. exd6+ Kxd6 42. Qh4 Qg7 43. Qf4+ Kd7 44. Rg1 Qh8+ 45. Kg2 Qh7 46. Rh1 Qg6+ 47. Kf1 Qd3+ 48. Kg1 Nxd4 49. Qxf7+ Kc6 50. Kh2 Qd2 51. Qe8+ Kb6 52. Qd8+ Ka7 53. Kg2 Nc6 54. Qf6 e5 55. Rh7 Ka6 56. Qg7 Qxb2 57. Qg8 Qd4 58. Qa8+ Qa7 59. Qc8 Kb6 60. Qd7 d4 61. Qd5 Qa6 62. Rh6 Ka7 63. Rd6 Qb6 64. Rd7 Ka6 65. Qc4+ Ka7 66. Qd5 Nb4 67. Qf7 Qc6+ 68. Kh2 d3 69. Qe8 e4 70. Qd8 Qc5 71. Kg2 Nc2 72. Rc7 Qb6 73. Qd7 Ne1+ 74. Kf1 Nf3 75. Rc8 Qb1+ 76. Kg2 Qg1+ 77. Kh3 Qh1+ 78. Kg4 Ne5+ 0-1

[Site "Europe Echecs"]

[Event "Championnat d'Europe Rapide"]
[Date "2024.12.07"]
[White "Galuszka, Tomasz"]
[Black "Arnaudov, G. Petar"]
[WhiteElo "2174"]
[BlackElo "2401"]
[Round "6.54"]
[Result "1/2-1/2"]
[TimeControl "900+10"]

1. e4 g6 2.
d4 Bg7 3.
Nc3 c6 4.
Nf3 d5 5. h3 dxe4 6. Nxe4 Nf6 7. Ng3 O-O 8. Be2 c5 9. O-O cxd4 10.
Qxd4 Nc6 11.
Qxd8 Rxd8 12. c3 b6 13. Bd2 Be6 14. Rfd1 h6 15. Be1 Nd7 16. Ne4 f5 17. Ned2 Nc5 18. Nc4 Bf7 19. Rac1 Na4 20. Rxd8+ Rxd8 21. b3 Nc5 22. Nb2 e5 23. Rd1 Rxd1 24. Nxd1 e4 25. Nd2 Ne5 26. Kf1 Ncd3 27. f3 Bd5 28. c4 exf3 29. Nxf3 Bxf3 30. Bxf3 Nxf3 31.
gxf3 Nc1 32.
Nc3 Bxc3 33.
Bxc3 Nxa2 34. Bd2 g5 35. Ke2 a5 36. Kd3 Kf7 37. Be3 Nb4+ 38. Kc3 Ke6 39. Bxb6 Nc6 40. Bc7 h5 41. Kd3 Kd7 42. Bg3 Ke6 43. Bc7 Kd7 44. Bg3 1/2-1/2

[Site "Europe Echecs"]

[Event "Championnat d'Europe Rapide"]
[Date "2024.12.08"]
[White "Van Foreest, Jorden"]
[Black "Boyer, Mahel"]
[WhiteElo "2677"]
[BlackElo "2526"]
[Round "7.1"]
[Result "1-0"]
[TimeControl "900+10"]

1. e4 d6 2.
d4 Nf6 3.
Nc3 g6 4.
Be3 Bg7 5.
Qd2 c6 6. a4 O-O 7. f3 Nbd7 8. Nge2 e5 9. O-O-O Qa5 10. Kb1 b5 11. axb5 cxb5 12. Nd5 Qxd2 13.
Nxf6+ Bxf6 14. Rxd2 Nb6 15. Nc3 b4 16. Nb5 Rd8 17. Be2 exd4 18. Bxd4 Bg5 19. Rdd1 Ba6 20. Rhe1 Bxb5 21. Bxb5 Bf4 22. g3 Be5 23. f4 Bg7 24. Bxg7 Kxg7 25.
Rd4 a6 26. Bc6 Rac8 27. Bb7 Rc4 28. Rxc4 Nxc4 29. Bxa6 Nd2+ 30. Kc1 Nf3 31. Rd1 Nxh2 32. Rd4 Ra8 33. Rxd6 g5 34. Kd2 gxf4 35.
gxf4 Ng4 36.
Be2 Nf6 37.
Rd4 Rb8 38.
e5 Ng8 39. Ke3 Ne7 40. Ke4 Rb7 41. f5 Kh6 42. Bc4 Kg5 43. Rd1 Rc7 44. Rg1+ Kh6 45. b3 Nc8 46. f6 Rc5 47. Kf4 Nb6 48. Rh1+ Kg6 49. Bd3# 1-0

[Site "Europe Echecs"]

[Event "Championnat d'Europe Rapide"]
[Date "2024.12.08"]
[White "Magold, Filip"]
[Black "Jobava, Baadur"]
[WhiteElo "2428"]
[BlackElo "2578"]
[Round "7.2"]
[Result "1/2-1/2"]
[TimeControl "900+10"]

1. e4 c6 2.
d4 d5 3. e5 Bf5 4. Nf3 e6 5. Be2 h6 6. O-O Ne7 7. b3 Bh7 8. c4 Ng6 9. Nc3 Bb4 10. Na4 O-O 11. Bd3 Nd7 12. Qc2 Re8 13. c5 Ba5 14. b4 Bc7 15. Nc3 a6 16. a4 Ngf8 17. Ne1 b5 18. Bxh7+ Nxh7 19. Nd3 Ndf8 20. f4 Re7 21. Be3 Qe8 22. Ra2 Rc8 23. axb5 axb5 24.
Rfa1 f5 25.
Ra6 g5 26.
R1a3 Ng6 27.
Qa2 Rg7 28.
Ne2 Bd8 29.
Ra8 Rgc7 30.
R3a7 Ne7 31.
Rxc7 Bxc7 32. Ra7 Bb8 33. Rb7 Rc7 34. Qa8 Rxb7 35. Qxb7 Kf7 36. Ne1 Qc8 37. Qxc8 Nxc8 38. Nf3 1/2-1/2

[Site "Europe Echecs"]

[Event "Championnat d'Europe Rapide"]
[Date "2024.12.08"]
[White "Georgiev, Kiril"]
[Black "Safarli, Eltaj"]
[WhiteElo "2537"]
[BlackElo "2610"]
[Round "7.3"]
[Result "1/2-1/2"]
[TimeControl "900+10"]

1. Nf3 d5 2. d4 Nf6 3. c4 e6 4. g3 Be7 5. Bg2 O-O 6. O-O dxc4 7. Ne5 Nd5 8. Nxc4 b5 9. Ne5 Bb7 10. a4 bxa4 11. Rxa4 Nd7 12. Qb3 N7b6 13. Ra5 Bf6 14. Nd2 c5 15. Rxc5 Bxe5 16. dxe5 Ba6 17. Re1 Nd7 18. Rc6 Rb8 19. Qa3 Nb4 20. Rc3 Nxe5 21. Ne4 Nc4 22. Qa4 Qe7 23. b3 Nb6 24. Qa5 N6d5 25. Rc5 Qd8 26. Ba3 h6 27. Bf3 Qxa5 28. Rxa5 Rfc8 29. Nc5 Nc2 30. Nxa6 Nxe1 31.
Bxd5 exd5 32. Nxb8 Rxb8 33. b4 Nc2 34. Rxa7 Nxa3 35. Rxa3 Rxb4 36.
Ra8+ Kh7 37.
Rd8 Rb5 38.
e3 Kg6 39.
Rd7 Kf6 40.
h4 Ke6 41.
Ra7 Rb4 1/2-1/2

[Site "Europe Echecs"]

[Event "Championnat d'Europe Rapide"]
[Date "2024.12.08"]
[White "Fedoseev, Vladimir"]
[Black "Saric, Ante"]
[WhiteElo "2709"]
[BlackElo "2482"]
[Round "7.4"]
[Result "1-0"]
[TimeControl "900+10"]

1. d4 Nf6 2.
c4 e6 3. Nf3 d5 4. Nc3 c6 5. cxd5 cxd5 6. Bf4 Ne4 7. e3 Nxc3 8. bxc3 Nc6 9. Bd3 Bd6 10. Bg3 O-O 11. Qc2 h6 12. Rb1 b6 13. e4 dxe4 14.
Bxe4 Bb7 15. O-O Bxg3 16. hxg3 Qc7 17. c4 Na5 18. Rfc1 Rac8 19. c5 bxc5 20.
dxc5 Bxe4 21. Qxe4 Nc6 22. g4 Qe7 23. Qe3 Rfd8 24. g5 hxg5 25. Nxg5 Nd4 26. Ne4 Nf5 27. Qf4 Qc7 28. Qg5 Qc6 29. Rc4 Rd4 30. Rxd4 Nxd4 31. Re1 Kf8 32. Qh5 Nf5 33. g4 Nh6 34. g5 Qd5 35. Nf6 Qf5 36. gxh6 gxf6 37. Qxf5 exf5 38. c6 Kg8 39. Rc1 Kh7 40. Kg2 Kxh6 41.
Kf3 Rc7 42. Kf4 Kg6 43. a4 a5 44. f3 Kg7 45. Kxf5 Kf8 46. Kxf6 Ke8 47. f4 Kd8 48. f5 Kc8 49. Rc5 1-0

[Site "Europe Echecs"]

[Event "Championnat d'Europe Rapide"]
[Date "2024.12.08"]
[White "Kozul, Zdenko"]
[Black "Pultinevicius, Paulius"]
[WhiteElo "2519"]
[BlackElo "2579"]
[Round "7.6"]
[Result "0-1"]
[TimeControl "900+10"]

1. d4 Nf6 2. c4 e6 3. Nf3 d5 4. g3 dxc4 5. Bg2 Nbd7 6. O-O c6 7. a4 b6 8. Qc2 Ba6 9. Rd1 Nd5 10. Bg5 Be7 11. Bxe7 Qxe7 12. Na3 Rc8 13. Nxc4 c5 14. b3 O-O 15. Qb2 Rfd8 16. e4 N5f6 17. e5 Ne8 18. d5 exd5 19. Rxd5 Nf8 20. Nh4 Rxd5 21. Bxd5 Rd8 22. Rd1 g6 23. Qc1 Nc7 24. Ne3 Nfe6 25. Nf3 Be2 26. Re1 Bxf3 27. Bxf3 Nd4 28. Bg4 h5 29. Bd1 Qxe5 30. Ng2 Qf6 31. Qh6 Nce6 32. Qe3 Qg5 33. f4 Qd5 34. Nh4 Ng7 35. Qe7 Re8 36.
Qxe8+ Nxe8 37. Rxe8+ Kg7 38. Re5 Qd6 39. Re1 Nxb3 40. Bxh5 c4 41. Bd1 Qc5+ 42. Kg2 Nd4 43. Nf3 c3 0-1

[Site "Europe Echecs"]

[Event "Championnat d'Europe Rapide"]
[Date "2024.12.08"]
[White "Sargissian, Gabriel"]
[Black "Kazakouski, Valery"]
[WhiteElo "2628"]
[BlackElo "2567"]
[Round "7.7"]
[Result "1-0"]
[TimeControl "900+10"]

1. Nf3 d5 2.
g3 Nf6 3.
Bg2 c6 4.
O-O Bg4 5.
h3 Bh5 6. c4 e6 7. d4 Bxf3 8. Bxf3 Be7 9. Qb3 Qb6 10. Nc3 Nbd7 11. Rd1 O-O 12. Bf4 Qa6 13. cxd5 exd5 14. e3 Rfe8 15. Bc7 Rac8 16. Be2 b5 17. Bf4 Qa5 18. Bf3 h6 19. h4 Nf8 20. Rac1 Ne6 21. Ne2 Bf8 22. a3 Nd7 23. h5 Nb6 24. Qd3 Nc4 25. Rc2 Qb6 26. Qf5 a5 27. Nc1 Nxf4 28.
gxf4 Rcd8 29. Re2 Nd6 30. Qh3 Ne4 31. Nd3 c5 32. dxc5 Bxc5 33. Nxc5 Qxc5 34. Qf5 Qc4 35. Kg2 Nf6 36. Rd4 Qc8 37. Qxc8 Rxc8 38. Bxd5 Nxh5 39. Bf3 Nf6 40. Red2 g5 41. Rd6 Kg7 42. fxg5 hxg5 43. Rb6 g4 44. Bb7 Rc5 45. b4 axb4 46. axb4 Rf5 47. Rc2 Rb8 48. Rc8 Rxc8 49. Bxc8 Rd5 50. Bb7 Rd2 51. Rxb5 Rb2 52.
Kg3 Rb1 53.
Kg2 Rb2 54.
Bc6 Kg6 55.
Ba8 Nh5 56.
Be4+ Kh6 57. Kg1 g3 58. fxg3 Nxg3 59. Bf3 f5 60. Rb8 Kg5 61. b5 f4 62. b6 Rb1+ 63. Kg2 Rb2+ 64. Kg1 Rb1+ 65. Kg2 Rb2+ 66. Kh3 Nf1 67. Rg8+ Kf5 68. Rf8+ Ke6 69. b7 Rh2+ 70. Kg4 1-0

[Site "Europe Echecs"]

[Event "Championnat d'Europe Rapide"]
[Date "2024.12.08"]
[White "Horvath, Dominik"]
[Black "Dardha, Daniel"]
[WhiteElo "2542"]
[BlackElo "2639"]
[Round "7.9"]
[Result "1/2-1/2"]
[TimeControl "900+10"]

1. Nf3 d5 2. g3 g6 3. Bg2 Bg7 4. d4 Nf6 5. O-O c6 6. c4 O-O 7. cxd5 cxd5 8. Ne5 Ng4 9. Nf3 Nf6 10. Ne5 Ng4 11. Nf3 1/2-1/2

[Site "Europe Echecs"]

[Event "Championnat d'Europe Rapide"]
[Date "2024.12.08"]
[White "Popovic, Milos T"]
[Black "Grigoriants, Sergey"]
[WhiteElo "2334"]
[BlackElo "2542"]
[Round "7.11"]
[Result "1/2-1/2"]
[TimeControl "900+10"]

1. d4 d5 2.
Bf4 c5 3. e3 Nc6 4. c3 Nf6 5. Nd2 Bg4 6. Qb3 Qc8 7. h3 Bf5 8. Ngf3 e6 9. Be2 h6 10. O-O Be7 11. dxc5 Bxc5 12. c4 O-O 1/2-1/2

[Site "Europe Echecs"]

[Event "Championnat d'Europe Rapide"]
[Date "2024.12.08"]
[White "Muradli, Mahammad"]
[Black "Navara, David"]
[WhiteElo "2588"]
[BlackElo "2665"]
[Round "7.12"]
[Result "1/2-1/2"]
[TimeControl "900+10"]

1. Nf3 Nf6 2. c4 e6 3.
g3 d5 4. Bg2 d4 5. b4 c5 6. Bb2 Be7 7. O-O O-O 8. d3 Re8 9. Nbd2 Bf8 10. bxc5 e5 11. Nb3 Nc6 12. e3 dxe3 13.
fxe3 e4 14.
Bxf6 Qxf6 15. Nfd4 Qh6 16. Nxc6 bxc6 17. Bxe4 Bh3 18. Qf3 Bxf1 19. Rxf1 Rad8 20. Qxf7+ Kh8 21. Rf4 Be7 22. Kg2 Bg5 23. Rf5 g6 24. Rf1 Rf8 25. Qc7 Rxf1 26. Kxf1 Rf8+ 27. Kg2 Qh5 28. Qe5+ Kg8 29. Qe6+ Kg7 30. Qe5+ Kh6 31. h4 Qe2+ 32. Kh3 Bxe3 33. Nd4 Bxd4 34. Qxd4 Rf2 35. Bg2 Rxg2 36. Qf4+ Kg7 37. Qc7+ Kg8 38. Qc8+ 1/2-1/2

[Site "Europe Echecs"]

[Event "Championnat d'Europe Rapide"]
[Date "2024.12.08"]
[White "Peyrer, Konstantin"]
[Black "Santos Latasa, Jaime"]
[WhiteElo "2440"]
[BlackElo "2628"]
[Round "7.13"]
[Result "1/2-1/2"]
[TimeControl "900+10"]

1. d4 Nf6 2.
c4 e6 3. Nf3 d5 4. g3 Be7 5. Bg2 O-O 6. O-O a5 7. Nc3 c6 8. b3 Nbd7 9. Qc2 b6 10. Rd1 Ba6 11. Nd2 Rc8 12. Bb2 c5 13. dxc5 Bxc5 14. e3 dxc4 15.
Nxc4 Qe7 16.
a4 Bxc4 17.
bxc4 Rfd8 18. Nb5 Nf8 19. Nd4 Rd6 20. Nb3 Rxd1+ 21. Rxd1 Bb4 22. Nd4 Qc5 23. Bf1 Ng6 24. Nb5 Ne5 25. Be2 Ned7 26. Nd6 Rf8 27. Ne4 Qe7 28. Bd4 Nxe4 29.
Qxe4 Bc5 30.
Bc3 Nf6 31.
Qc6 h6 32.
Kg2 Re8 33.
Bxf6 gxf6 34. Rd7 Qf8 35. Rc7 Bd6 36. Ra7 Rc8 37. Qd7 Ra8 38. Rxa8 Qxa8+ 39. Bf3 Qf8 40. Bc6 1/2-1/2

[Site "Europe Echecs"]

[Event "Championnat d'Europe Rapide"]
[Date "2024.12.08"]
[White "Ghimpu, Samuel-Timotei"]
[Black "Sarana, Alexey"]
[WhiteElo "2475"]
[BlackElo "2674"]
[Round "7.14"]
[Result "0-1"]
[TimeControl "900+10"]

1. e4 c5 2.
Nf3 d6 3. d4 Nf6 4. Nc3 cxd4 5. Nxd4 a6 6. a4 e5 7. Nf3 Nc6 8. Bg5 Be6 9. Nd2 Rc8 10. Nd5 Bxd5 11.
exd5 Ne7 12.
Bc4 Nd7 13.
O-O h6 14.
Bxe7 Bxe7 15. a5 O-O 16. Be2 f5 17. Nc4 e4 18. f4 exf3 19. Rxf3 Ne5 20. Rf4 Bg5 21. Rd4 Qf6 22. c3 Nxc4 23. Rxc4 Be3+ 24. Kh1 Rxc4 25.
Bxc4 Qh4 26.
Qf3 Qxc4 27.
Qxe3 Qxd5 28. Qe2 Qe4 29. Qxe4 fxe4 30. Kg1 Rf5 31. Re1 d5 32. c4 dxc4 33. Rxe4 Rxa5 34. Rxc4 Rb5 35. b4 Kf7 36. Kf2 Ke6 37. Ke3 Kd6 38. h4 Re5+ 39. Kd3 g5 40. hxg5 hxg5 41. Rc8 Kd7 42. Rc4 Rb5 43. Kc3 Rf5 44. Kd3 Kd6 45. Rc8 Rf4 46. Rc5 Rg4 47. Ra5 Rxg2 48. b5 axb5 49. Rxb5 Kc6 50. Rf5 b5 51. Kd4 Kb6 52. Rf1 Rg3 53. Rb1 g4 54. Ke4 Kc5 55. Kf4 Rg2 56. Rc1+ Kb4 57. Rb1+ Kc4 0-1

[Site "Europe Echecs"]

[Event "Championnat d'Europe Rapide"]
[Date "2024.12.08"]
[White "Ragger, Markus"]
[Black "Beerdsen, Thomas"]
[WhiteElo "2577"]
[BlackElo "2502"]
[Round "7.15"]
[Result "0-1"]
[TimeControl "900+10"]

1. d4 d5 2.
c4 Nc6 3.
Nc3 Nf6 4.
Nf3 dxc4 5.
e4 Bg4 6.
Be3 e6 7.
Bxc4 Bb4 8.
Qd3 O-O 9.
O-O Bxf3 10.
gxf3 Nh5 11.
e5 Ne7 12.
Ne4 Nd5 13.
Ng3 Nhf4 14.
Qe4 f5 15.
exf6 Qxf6 16. Kh1 Bd6 17. Rae1 Rae8 18. Bc1 c6 19. Qc2 Qh4 20. Bxd5 cxd5 21. Bxf4 Rxf4 22. Rg1 Rxf3 23. Rg2 Bxg3 24. Qa4 Ref8 25. fxg3 Rf1+ 26. Rg1 Rxg1+ 27. Kxg1 Qf6 28. Qc2 Qxd4+ 29. Kg2 Qf6 30. Qe2 Re8 31. Rf1 Qg6 32. Qe5 Qc2+ 33. Rf2 Qc6 34. h4 h6 35. Kh2 Rd8 36. Rf4 Qd6 37. Qh5 Rf8 38. Qf3 Rxf4 39. gxf4 g5 40. hxg5 hxg5 41. Kg2 Qxf4 42. Qc3 Qe4+ 43. Kh2 Qc4 44. Qa3 Qc7+ 45. Kg2 a6 46. Qe3 Qc2+ 47. Kg1 Qf5 48. Qc3 e5 49. Qc7 Qb1+ 50. Kh2 Qh7+ 0-1

[Site "Europe Echecs"]

[Event "Championnat d'Europe Rapide"]
[Date "2024.12.08"]
[White "Korobov, Anton"]
[Black "Kalezic, Blazo"]
[WhiteElo "2629"]
[BlackElo "2382"]
[Round "7.16"]
[Result "1-0"]
[TimeControl "900+10"]

1. d4 d5 2.
c4 c6 3. Nc3 Nf6 4. cxd5 cxd5 5. Bg5 Nc6 6. Bxf6 gxf6 7. e3 e6 8. Bd3 f5 9. f4 h5 10. Nf3 h4 11. O-O Bd7 12. Rc1 Rc8 13. a3 Bd6 14. Rf2 Na5 15. Ne5 Bxe5 16. fxe5 a6 17. Ne2 Bb5 18. Bxb5+ axb5 19. Nf4 Rc4 20. b3 Rc6 21. Rxc6 Nxc6 22. Rc2 Qa5 23. Qc1 b4 24. a4 Qa6 25. Qe1 Kd7 26. h3 Ke7 27. Qd2 Rg8 28. Nd3 Qb6 29. Rc5 Rg3 30. Kh2 f6 31. exf6+ Kxf6 32. Nf4 Kf7 33. Qe2 Rg5 34. Qf2 Rg3 35. Ne2 Rg7 36. Qxh4 Qa6 37. Nf4 1-0

[Site "Europe Echecs"]

[Event "Championnat d'Europe Rapide"]
[Date "2024.12.08"]
[White "Vuckovic, Zarko"]
[Black "Mamedov, Rauf"]
[WhiteElo "2334"]
[BlackElo "2656"]
[Round "7.17"]
[Result "0-1"]
[TimeControl "900+10"]

1. e4 c5 2.
Nf3 Nc6 3. d4 cxd4 4. Nxd4 g6 5. c4 Nf6 6. Nc3 d6 7. Be2 Nxd4 8. Qxd4 Bg7 9. Bd2 O-O 10. Qe3 Bg4 11. O-O a6 12. Rac1 Rc8 13. b3 Re8 14. Rfd1 h5 15. f3 Bd7 16. Qf2 Bc6 17. a4 a5 18. Be3 Nd7 19. c5 dxc5 20. Bxc5 Nxc5 21. Rxd8 Rexd8 22. Qe1 Nxb3 23. Rd1 Nd4 24. Kh1 Nxe2 25. Nxe2 Bxa4 26. Rxd8+ Rxd8 27. Qxa5 Rd1+ 28. Ng1 Bd4 29. h4 Bc6 30. Qd8+ Kg7 31. e5 Rxg1+ 32. Kh2 Bc5 0-1

[Site "Europe Echecs"]